 Dungeon Crawl Stone Soup version 0.20.1-1-g8b1a95d (console) character file.

395 bli the Chiller (level 6, -2/45 HPs)
             Began as a Merfolk Ice Elementalist on July 22, 2017.
             Slain by an adder skeleton (3 damage)
             ... on level 3 of the Dungeon.
             The game lasted 00:19:24 (4811 turns).

bli the Chiller (Merfolk Ice Elementalist)          Turns: 4811, Time: 00:19:25

Health: -2/45      AC:  7    Str:  6 (9)  XL:     6   Next: 82%
Magic:  10/12      EV: 19    Int: 11 (14) God:
Gold:   127        SH:  0    Dex: 19 (21) Spells: 4/13 levels left

rFire    . . .     SeeInvis .   a - +0 spear
rCold    . . .     Gourm    .   (no shield)
rNeg     . . .     Faith    .   u - +0 robe
rPois    .         Spirit   .   (no helmet)
rElec    .         Reflect  .   (no cloak)
rCorr    .         Harm     .   (no gloves)
MR       .....                  (no boots)
Stlth    ++++......             (no amulet)
Regen    0.2/turn               (no ring)
MPRegen  0.2/turn               (no ring)

@: agile, icy armour (expiring), slow
A: change form in water, swift swim, stealthy swim
a: no special abilities


You were on level 3 of the Dungeon.
You were hungry.

You visited 1 branch of the dungeon, and saw 4 of its levels.

You collected 127 gold pieces.

Inventory:

Hand Weapons
 a - a +0 spear (weapon)
 z - a +0 war axe of pain
Missiles
 d - 124 stones
 o - 2 throwing nets
 A - 5 javelins (quivered)
Armour
 u - a +0 robe (worn)
Jewellery
 p - a cursed ring of loudness {unknown}
Scrolls
 f - a scroll of magic mapping {unknown}
 g - a scroll of noise {unknown}
 h - a scroll of enchant armour {unknown}
 k - 2 scrolls of identify {unknown}
 n - 2 scrolls of remove curse {unknown}
 q - 2 scrolls of fog {unknown}
 s - a scroll of recharging {unknown}
 t - 2 scrolls of immolation {unknown}
 y - a scroll of fear {unknown}
 B - a scroll of teleportation {unknown}
Potions
 e - a potion of heal wounds {unknown}
 l - a potion of degeneration
 m - a potion of curing
 r - 2 potions of invisibility {unknown}
 v - 2 potions of agility
 w - 2 potions of might {unknown}
Books
 b - a book of Frost

   Spells                             Type                      Level
   a - Freeze                         Ice                          1
   b - Throw Frost                    Conjuration/Ice              2
   c - Ozocubu's Armour               Charms/Ice                   3
   d - Throw Icicle                   Conjuration/Ice              4
   e - Summon Ice Beast               Ice/Summoning                4
 C - a book of Misfortune

   Spells                             Type                      Level
   a - Confusing Touch                Hexes                        1
   b - Confuse                        Hexes                        3
   c - Gell's Gravitas                Translocation                3
   d - Petrify                        Transmutation/Earth          4
   e - Metabolic Englaciation         Hexes/Ice                    5
   f - Yara's Violent Unravelling     Hexes/Transmutation          5
Comestibles
 c - 2 bread rations
 i - 4 fruits
 j - 3 royal jellies


   Skills:
 * Level 2.3 Fighting
 + Level 2.4 Polearms
 + Level 3.3 Dodging
 + Level 3.3 Stealth
 + Level 4.1 Spellcasting
   Level 0.7 Conjurations
 + Level 0.2 Charms
 * Level 0.3 Transmutations
 - Level 5.0 Ice Magic


You had 4 spell levels left.
You knew the following spells:

 Your Spells              Type           Power        Failure   Level  Hunger
a - Freeze                Ice            ##..         3%          1    #......
b - Yara's Violent Unrav  Hex/Tmut       #.........   99%         5    ######.
O - Ozocubu's Armour      Chrm/Ice       #.......     24%         3    ###....


Dungeon Overview and Level Annotations

Branches:
Dungeon (4/15)
 Temple: D:4-7

Altars:
Qazlal
Trog

Shops:
D:4 %

Annotations:
D:3 Megalobster's ghost, amateur DECj


Message History

* * * LOW HITPOINT WARNING * * *
The adder skeleton bites you but does no damage.
Attack whom?
Press: ? - help, Dir - move target cursor, f - gnoll
Aim: a gnoll, wielding a spear You reach to attack!
You hit the gnoll.
The gnoll is lightly wounded.
Your icy armour starts to melt.
The gnoll hits you from afar with a spear.
* * * LOW HITPOINT WARNING * * *
The adder skeleton bites you but does no damage.
It was a potion of agility.
You feel agile all of a sudden. The gnoll completely misses you.
The adder skeleton misses you.
You closely miss the adder skeleton.
The adder skeleton is moderately damaged.
The gnoll hits you from afar with a spear.
* * * LOW HITPOINT WARNING * * *
The adder skeleton bites you.
You die...

........#.###.##(.....
......................
.........S.........#
.............#.#.#.#
....##.#.. #.#.#.######
....##.##)####...........
....##.##...S........%...
###.##.########..........
###.##.########g.########
..............#Z.##
####..........#.@.#
#..........#...##
#÷.........#....#
#..........#...##
#..........#...#
#..........#####
####..........#
..÷....######## ######.#
###


You could see a gnoll and an adder skeleton.

Vanquished Creatures
  A bullfrog (D:3)
  2 orc wizards (D:4)
  Jessica (D:2)
  An iguana (D:4)
  3 worker ants (D:4)
  2 adders
  3 gnolls (D:3)
  A howler monkey skeleton (D:4)
  An adder skeleton (D:4)
  3 worms
  A dart slug (D:2)
  3 leopard geckos
  3 orcs
  5 giant cockroaches
  12 goblins
  9 hobgoblins
  3 jackals (D:2)
  3 quokkas
  A ball python (D:3)
  12 bats
  3 frilled lizards
  A jackal skeleton (D:4)
  A kobold (D:2)
  A leopard gecko skeleton (D:4)
  7 rats
83 creatures vanquished.

Notes
Turn   | Place    | Note
-------+----------+-------------------------------------------
     0 | D:1      | bli the Merfolk Ice Elementalist began the quest for the Orb.
     0 | D:1      | Reached XP level 1. HP: 13/13 MP: 3/3
   388 | D:1      | Reached XP level 2. HP: 19/19 MP: 3/5
   756 | D:2      | Reached XP level 3. HP: 24/24 MP: 3/6
  1387 | D:2      | Noticed Jessica
  1395 | D:2      | Found a bloodstained altar of Trog.
  1670 | D:2      | Killed Jessica
  1670 | D:2      | Reached skill level 4 in Ice Magic
  1670 | D:2      | Reached XP level 4. HP: 10/31 MP: 3/8
  1937 | D:2      | Learned a level 3 spell: Ozocubu's Armour
  2585 | D:3      | Reached XP level 5. HP: 26/36 MP: 7/10
  2719 | D:3      | Reached skill level 1 in Fighting
  2746 | D:3      | Noticed Megalobster's ghost (amateur DECj)
  3658 | D:4      | Reached XP level 6. HP: 33/43 MP: 4/11
  3777 | D:4      | Found a stormy altar of Qazlal.
  3806 | D:4      | Reached skill level 1 in Polearms
  3867 | D:4      | Reached skill level 5 in Ice Magic
  4358 | D:4      | Found Qioshresh's Food Boutique.
  4577 | D:4      | Learned a level 5 spell: Yara's Violent Unravelling
  4809 | D:3      | HP: 2/45 [gnoll/spear (2)]
  4811 | D:3      | Slain by an adder skeleton

Skill      XL: |  1  2  3  4  5  6 |
---------------+-------------------+-----
Spellcasting   | 3 4 |  4.1
Ice Magic      | 4 5 |  5.0
Fighting       | 1 2 |  2.3
Stealth        | 3 |  3.3
Dodging        | 3 |  3.3
Polearms       | 2 |  2.4
Conjurations   | |  0.7
Charms         | |  0.2
Transmutations | |  0.3

Action                   |  1- 3 |  4- 6 || total
-------------------------+-------+-------++-------
Melee: Unarmed           |    70 |    46 ||   116
       Spear             |       |   113 ||   113
Throw: Javelin           |       |     5 ||     5
 Cast: Freeze            |    54 |    80 ||   134
       Ozocubu's Armour  |       |     4 ||     4
  Use: Potion            |       |     3 ||     3
 Stab: Sleeping          |     3 |     4 ||     7
  Eat: Chunk             |     3 |    10 ||    13
Armor: Robe              |    25 |    42 ||    67
Dodge: Dodged            |    94 |   141 ||   235
